 Dungeon Crawl Stone Soup version 0.23.2-33-g5129a83184 (webtiles) character file.

Game seed: 3535595460143989687

95 smcx the Magician (level 4, -3/24 HPs)
             Began as a Deep Elf Fire Elementalist on June 22, 2019.
             Slain by Crazy Yiuf
             ... wielding a +2 quarterstaff of chaos
              (7 damage)
             ... on level 2 of the Dungeon on June 28, 2019.
             The game lasted 00:10:17 (2418 turns).

smcx the Magician (Deep Elf Fire Elementalist)      Turns: 2418, Time: 00:10:17

Health: -3/24      AC:  2    Str:  5    XL:     4   Next: 39%
Magic:  8/12       EV: 14    Int: 21    God:
Gold:   105        SH:  0    Dex: 15    Spells: 1/11 levels left

rFire    . . .     SeeInvis .   b - +0 dagger
rCold    . . .     Gourm    .   (no shield)
rNeg     . . .     Faith    .   a - +0 robe
rPois    .         Spirit   .   (no helmet)
rElec    .         Reflect  .   (no cloak)
rCorr    .         Harm     .   (no gloves)
MR       .....                  (no boots)
Stlth    ++........             (no amulet)
HPRegen  0.08/turn              (no ring)
MPRegen  0.13/turn              (no ring)

@: no status effects
A: no striking features
a: no special abilities


You were on level 2 of the Dungeon.
You were not hungry.

You visited 1 branch of the dungeon, and saw 2 of its levels.

You collected 105 gold pieces.

Inventory:

Hand Weapons
 b - a +0 dagger (weapon)
 k - a +0 mace
Armour
 a - a +0 robe (worn)
Scrolls
 d - a scroll of teleportation {unknown}
 e - 4 scrolls of identify {unknown}
 g - 4 scrolls of remove curse {unknown}
 i - a scroll of enchant weapon {unknown}
Potions
 f - 2 potions of curing {unknown}
 h - 2 potions of flight {unknown}
 j - 2 potions of agility {unknown}
Comestibles
 c - 4 rations


   Skills:
 + Level 3.5 Dodging
 - Level 2.4 Stealth
 + Level 4.1 Spellcasting
 + Level 2.5 Conjurations
 - Level 4.0 Fire Magic


You had one spell level left.
You knew the following spells:

 Your Spells              Type           Power        Failure   Level  Hunger
a - Flame Tongue          Conj/Fire      ###..        3%          1    None
b - Throw Flame           Conj/Fire      ###...       4%          2    #......
c - Conjure Flame         Conj/Fire      ###.....     10%         3    ###....
d - Sticky Flame          Conj/Fire      ###.....     30%         4    ####...

Your spell library contained the following spells:

 Spells                   Type           Power        Failure   Level  Hunger
 Inner Flame              Hex/Fire       ##......     16%         3    ###....
 Fireball                 Conj/Fire      ###.......   65%         5    ######.


Dungeon Overview and Level Annotations

Branches:
Dungeon (2/15)

Altars:
Makhleb
The Shining One

Annotations:
D:2 Crazy Yiuf, Sigmund


Message History

Crazy Yiuf closely misses you.
Casting: Flame Tongue (safe; 3% risk of failure)
Confirm with . or Enter, or press ? or * to list all spells.
Aiming: Flame Tongue (safe; 3% risk of failure)
Press: ? - help, Shift-Dir - straight line, f/p - Crazy Yiuf
Aim: Crazy Yiuf, wielding a +2 quarterstaff of chaos and wearing a +0 cloak (heavily wounded)
The flame tongue hits Crazy Yiuf.
Crazy Yiuf is almost dead.
Crazy Yiuf cries, "You leg down broken song, no?"
Crazy Yiuf hits you but does no damage.
Casting: Flame Tongue (safe; 3% risk of failure)
Confirm with . or Enter, or press ? or * to list all spells.
Aiming: Flame Tongue (safe; 3% risk of failure)
Press: ? - help, Shift-Dir - straight line, f/p - Crazy Yiuf
Aim: Crazy Yiuf, wielding a +2 quarterstaff of chaos and wearing a +0 cloak (almost dead)
The flame tongue hits Crazy Yiuf.
Crazy Yiuf is almost dead.
Crazy Yiuf yells, "Mama!"
Crazy Yiuf hits you with a +2 quarterstaff of chaos!
You die...

#...................##_##....##..
#.##.#########)..####.#####......
.....# #...# #.##..##.###..
.....# #...# #.#.#รท##.# #.#
#.#### #...# ##.##.##.# #.# #.#
####...# ###.###.###.# #)#
#......# ###.#.#....).. #.#
#.########..##.###.#### #.#
#.##.g@..#.##..#.#.##.. ..#
####.#..##..###.####.....# ###
#.....#....####.###.#.####
###.#..###...##.#..#.##.####
#.......#.#.###.##.####.....
#.#.#................#######
#.#.#.###...####.###.# #######
###.####.# #.# #...##.###>#


You could see Crazy Yiuf.

Vanquished Creatures
  Jessica (D:2)
  An adder (D:2)
  3 worms (D:2)
  A leopard gecko (D:2)
  3 giant cockroaches
  6 goblins
  8 hobgoblins
  A ball python (D:1)
  11 bats
  3 frilled lizards
  7 kobolds
  6 rats
  2 fungi (D:2)
53 creatures vanquished.

Notes
Turn   | Place    | Note
-------+----------+-------------------------------------------
     0 | D:1      | smcx the Deep Elf Fire Elementalist began the quest for the
                  | Orb.
     0 | D:1      | Reached XP level 1. HP: 10/10 MP: 6/6
   212 | D:1      | Reached XP level 2. HP: 15/15 MP: 2/8
   691 | D:1      | Reached XP level 3. HP: 19/19 MP: 7/10
   695 | D:1      | Learned a level 2 spell: Throw Flame
   699 | D:1      | Learned a level 3 spell: Conjure Flame
   906 | D:2      | Found a glowing golden altar of the Shining One.
   991 | D:2      | Noticed Sigmund
  1356 | D:2      | Noticed Jessica
  1363 | D:2      | Killed Jessica
  1502 | D:2      | Reached XP level 4. HP: 24/24 MP: 5/11
  1503 | D:2      | Upgraded the game from 0.23.2-30-g0e89c35649 to
                  | 0.23.2-33-g5129a83184
  1553 | D:2      | Learned a level 4 spell: Sticky Flame
  1869 | D:2      | Found a burning altar of Makhleb.
  2337 | D:2      | Found a runed translucent door.
  2338 | D:2      | Noticed Crazy Yiuf
  2418 | D:2      | Slain by Crazy Yiuf

Skill      XL: |  1  2  3  4 |
---------------+-------------+-----
Dodging        | 3 |  3.5
Conjurations   | 2 |  2.5
Spellcasting   | 4 |  4.1
Fire Magic     | 4 |  4.0
Stealth        | |  2.4

Action                   |  1- 3 |  4- 6 || total
-------------------------+-------+-------++-------
Melee: Dagger            |    13 |    97 ||   110
 Cast: Flame Tongue      |    65 |    32 ||    97
       Throw Flame       |     2 |     2 ||     4
       Conjure Flame     |     1 |       ||     1
  Eat: Ration            |     1 |       ||     1
       Chunk             |       |     1 ||     1
Armor: Robe              |     6 |     2 ||     8
Dodge: Dodged            |    24 |     8 ||    32
